AoeStats
← goree.jacob

Baltic

510469269Analyzed
4v4 RM · 1d ago on Oct 1, 2026· 37m 10s· 8 players
Game mode
Random Map
Map size
Large (8 player)
Population
200
Speed
Normal
Resources
Standard
Victory
Conquest
Starting age
Dark Age
Ending age
Imperial Age
RankedLock teamsTeams togetherTeam positionsShared explorationLock speedFull tech treeHidden civsTurbo modeCheats
Victory
Defeat
🇳🇮 Ethiopians · Nicaragua
1141
+14
🇺🇾 Vikings · Uruguay
1107
+15
🇳🇮 Burgundians · Nicaragua
1090
+16
🇨🇱 Dravidians · Chile
1081
+16
🇲🇽 Danes · Mexico
1119
-17
🇺🇸 Varangians · United States
1115
-16
🇮🇳 Poles · India
1081
-15
🇨🇳 Berbers · China
1028
-13
Naxzh Foster
8:46 Loom
10:31 Feudal Age
15:56 Castle Age
13:51 Double-Bit Axe
15:05 Fletching
15:09 Horse Collar
16:38 Padded Archer Armor
17:08 Crossbowman
22:15 Bodkin Arrow
23:14 Leather Archer Armor
25:04 Gold Mining
25:52 Ballistics
25:52 Squires
27:33 Bow Saw
28:13 Wheelbarrow
28:05 Heavy Plow
30:11 Stone Mining
31:09 Hand Cart
36:19 Imperial Age
34:54 Town Watch
36:50 Town Patrol
37:23 Thumb Ring
38:07 Gold Shaft Mining
38:12 Stone Shaft Mining
38:41 Two-Man Saw
37:05 Arbalester
El tío Furcio!
4:19 Loom
11:12 Feudal Age
9:52 Double-Bit Axe
16:08 Castle Age
14:44 Horse Collar
16:53 Forging
16:49 Scale Barding Armor
16:11 Cavalier
16:52 Husbandry
22:44 Gold Mining
23:28 Bow Saw
24:11 Wheelbarrow
24:14 Heavy Plow
26:20 Hand Cart
30:48 Two-Man Saw
30:21 Crop Rotation
30:54 Town Watch
37:03 Imperial Age
34:39 Stone Mining
35:24 Gold Shaft Mining
37:08 Paladin
37:55 Scale Barding Armor
DesveMX
4:22 Loom
11:23 Feudal Age
14:47 Double-Bit Axe
18:10 Town Watch
18:48 Fletching
21:08 Castle Age
19:02 Horse Collar
22:00 Medium Warships
21:46 Bodkin Arrow
22:17 Bow Saw
22:50 Gold Mining
23:45 Ballistics
24:58 Careening
30:34 Scale Mail Armor
31:57 Fishing Lines
31:56 Pikeman
34:28 Scale Mail Armor
34:38 Forging
38:50 Imperial Age
Nichelson3360
5:44 Loom
9:58 Feudal Age
15:14 Double-Bit Axe
19:35 Fishing Lines
21:33 Gold Mining
23:56 Castle Age
23:22 Scale Mail Armor
23:32 Forging
25:38 Gillnets
27:03 Stone Mining
31:18 Bow Saw
31:42 Fortified Wall
32:20 Fletching
32:42 Forging
32:47 Chain Mail Armor
32:57 Masonry
33:40 Wheelbarrow
32:58 Gambesons
33:13 Squires
35:04 Hand Cart
35:02 Pikeman
goree.jacob
9:15 Loom
11:08 Feudal Age
12:06 Double-Bit Axe
16:35 Castle Age
16:54 Stone Mining
18:56 Fletching
26:04 Wheelbarrow
26:10 Horse Collar
27:55 Scale Mail Armor
31:41 Forging
33:01 Ballistics
33:50 Bow Saw
34:20 Chain Mail Armor
dantealhz
0:43 Loom
13:08 Feudal Age
17:59 Castle Age
18:51 Double-Bit Axe
20:01 Medium Warships
22:21 Fishing Lines
23:44 Gillnets
29:51 Wheelbarrow
31:14 Horse Collar
31:46 Bow Saw
32:33 Careening
32:42 Clinker Construction
34:13 Hand Cart
33:43 Town Watch
屠夫
10:17 Feudal Age
12:35 Loom
14:03 Town Watch
14:25 Gold Mining
14:23 Double-Bit Axe
15:04 Fishing Lines
16:46 Horse Collar
20:18 Castle Age
19:29 Fletching
25:25 Medium Warships
25:46 Bow Saw
28:48 Wheelbarrow
30:16 Hand Cart
Lifehack
9:20 Loom
11:30 Feudal Age
12:20 Double-Bit Axe
14:33 Horse Collar
17:54 Scale Barding Armor
20:02 Forging
22:56 Wheelbarrow
25:29 Castle Age
24:36 Gold Mining
25:51 Bloodlines
27:35 Bow Saw
27:56 Chain Barding Armor
28:20 Heavy Plow
28:38 Husbandry
29:10 Hand Cart
34:45 Stone Mining
Connection lost

Rejoining the realm…

Still unreachable

The connection could not be restored.

Session expired

The server has moved on; the page needs a fresh start.